 Dungeon Crawl Stone Soup version 0.18-a0-1-gfac8111 (webtiles) character file.

1154 mrath the Digger (level 8, -1/44 HPs)
             Began as a Gargoyle Earth Elementalist on Oct 30, 2015.
             Was an Initiate of Vehumet.
             Slain by Duvessa
             ... wielding a +3 short sword of protection
              (7 damage)
             ... on level 5 of the Dungeon.
             The game lasted 01:32:15 (6074 turns).

mrath the Digger (Gargoyle Earth Elementalist)      Turns: 6074, Time: 01:32:15

Health: -1/44      AC: 16    Str: 12    XL:     8   Next: 38%
Magic:  3/16       EV: 12    Int: 18    God:    Vehumet [......]
Gold:   328        SH:  0    Dex: 10    Spells: 4 memorised, 7 levels left

rFire  . . .     SeeInvis .     o - +0 dagger (protect)
rCold  . . .     Clarity  .     b - +0 robe
rNeg   + . .     SustAt   .     (no shield)
rPois  ∞         Gourm    .     (no helmet)
rElec  +         Spirit   .     x - +0 cloak
rCorr  .         Warding  .     (no gloves)
rMut   .         Stasis   .     (no boots)
MR     .....                    (no amulet)
Stlth  ++........               (no ring)
                                l - ring of flight

@: stone skin, very slightly contaminated, not resistant to hostile
enchantments, unstealthy
A: negative energy resistance 1, electricity resistance, unbreathing,
petrification resistance, rot immunity, AC +5
a: Renounce Religion, Evoke Flight


You were on level 5 of the Dungeon.
You worshipped Vehumet.
Vehumet was noncommittal.
You were not hungry.

You visited 2 branches of the dungeon, and saw 6 of its levels.
You also visited: Sewer.

You collected 328 gold pieces.

Inventory:

Hand Weapons
 o - a +0 dagger of protection (weapon)
 r - a +0 whip
 u - a +0 hunting sling
 w - a +0 trident
Missiles
 a - 106 stones
 n - 22 sling bullets
 E - 2 throwing nets
 G - 4 tomahawks (quivered)
 K - 34 poisoned needles
Armour
 b - a +0 robe (worn)
 x - a +0 cloak (worn)
 J - a cursed +0 shield
Jewellery
 l - a ring of flight (left hand)
Scrolls
 g - 3 scrolls of identify
 i - 6 scrolls of remove curse
 p - a scroll of immolation {unknown}
 q - 6 scrolls of teleportation
 t - 4 scrolls of magic mapping
 v - 2 scrolls of enchant weapon {unknown}
 y - a scroll of random uselessness {unknown}
 z - a scroll of noise {unknown}
 B - a scroll of blinking {unknown}
 C - a scroll of enchant armour {unknown}
 H - a scroll of amnesia {unknown}
Potions
 e - a potion of ambrosia {unknown}
 f - a potion of heal wounds {unknown}
 j - 2 potions of invisibility
 k - 3 potions of brilliance {unknown}
 m - a potion of degeneration {unknown}
 A - 3 potions of curing
 F - a potion of cure mutation {unknown}
Books
 c - a book of Geomancy

   Spells                             Type                      Level
   a - Sandblast                      Earth                        1
   b - Stoneskin                      Transmutation/Earth          2
   c - Passwall                       Transmutation/Earth          3
   d - Stone Arrow                    Conjuration/Earth            3
   e - Petrify                        Transmutation/Earth          4
   f - Lee's Rapid Deconstruction     Earth                        5
Comestibles
 d - 3 bread rations
 h - a royal jelly
 s - 2 beef jerkies
 D - a meat ration
 I - 5 chunks of flesh


   Skills:
 + Level 1.8 Fighting
 + Level 2.1 Maces & Flails
 + Level 1.9 Armour
 + Level 2.2 Dodging
 - Level 2.1 Stealth
 + Level 1.5 Shields
 * Level 5.9 Spellcasting
 + Level 3.4 Conjurations
 - Level 0.7 Transmutations
 + Level 6.3 Earth Magic
 + Level 1.4 Evocations


You had 7 spell levels left.
You knew the following spells:

 Your Spells              Type           Power        Failure   Level  Hunger
a - Sandblast             Erth           ####..       1%          1    None
b - Stoneskin             Trmt/Erth      ###.....     4%          2    None
c - Stone Arrow           Conj/Erth      ###...       6%          3    ##.....
d - Lee's Rapid Deconstr  Erth           ####......   28%         5    #####..


Dungeon Overview and Level Annotations

Branches:
Dungeon (5/15)             Temple (1/1) D:5

Altars:
Ashenzari
Cheibriados
Dithmenos
Elyvilon
Fedhas
Gozag
Kikubaaqudgha
Makhleb
Nemelex Xobeh
Okawaru
Qazlal
Ru
Sif Muna
Trog
Vehumet
Xom
Yredelemnul
Zin
The Shining One

Shops:
D:4 %}

Annotations:
D:5 Duvessa; bart's ghost, amateur HOCK


Innate Abilities, Weirdness & Mutations

You are resistant to torment.
Your stone body is resilient (AC +5).
You are immune to poison.
You resist negative energy.
You are resistant to electric shocks.
You can survive without breathing.
You are immune to petrification.
You are immune to rotting.


Message History

Aiming: Sandblast
Press: ? - help, Shift-Dir - straight line, f/p - Duvessa
Aim: Duvessa, wielding a short sword of protection and wearing a ring mail (lightly wounded, berserk, fast, unusually strong)
The blast of sand hits Duvessa.
Duvessa is lightly wounded.
Duvessa hits you with a short sword of protection.
* * * LOW HITPOINT WARNING * * *
Duvessa hits you with a short sword of protection!
* * * LOW HITPOINT WARNING * * *
You barely miss Duvessa.
Duvessa is lightly wounded.
Duvessa hits you but does no damage.
You barely miss Duvessa.
Duvessa is lightly wounded.
Duvessa hits you but does no damage.
You hit Duvessa but do no damage.
Duvessa is lightly wounded.
Duvessa hits you but does no damage.
Duvessa hits you with a short sword of protection!
You die...

#.....# #.#.#
#....(...... #######
#.#.######..(........
#.#..................
#.#######............
#.......#............
#######.#.....ee.....
. #.....#.###########
# ######.#####.## #
#.......)@e...#
#.####.########
#.#....# #.#.####
#.#..<# ##.#########
#..........#
###########
##########.#
#.........#
###.###.........#


You could see Duvessa (berserk).

Vanquished Creatures
  A water moccasin (D:5)
  A phantom (D:5)
  A centaur (D:5)
  Blork the orc (D:5)
  2 giant frogs (Sewer)
  A scorpion (D:5)
  Dowan (D:5)
  3 killer bees (D:5)
  A centaur skeleton (D:5)
  2 crimson imps (D:5)
  A hound (D:4)
  An orc priest (D:5)
  2 worker ants (D:4)
  A hound skeleton (D:4)
  3 gnolls (D:3)
  13 adders
  2 adder skeletons
  A worm (D:2)
  5 giant geckos
  4 orcs
  7 ball pythons
  13 giant cockroaches
  4 hobgoblins
  18 jackals
  7 kobolds
  3 quokkas
  6 bats
  8 giant newts
  7 goblins
  A jackal skeleton (D:5)
  6 rats
127 creatures vanquished.

Notes
Turn   | Place    | Note
--------------------------------------------------------------
     0 | D:1      | mrath the Gargoyle Earth Elementalist began the quest for the Orb.
     0 | D:1      | Reached XP level 1. HP: 10/10 MP: 3/3
   146 | D:1      | Reached XP level 2. HP: 15/15 MP: 3/5
   317 | D:1      | Learned a level 2 spell: Stoneskin
   878 | D:2      | Found a snail-covered altar of Cheibriados.
   882 | D:2      | Reached skill level 4 in Earth Magic
   882 | D:2      | Reached XP level 3. HP: 13/19 MP: 1/7
  1323 | D:2      | Reached XP level 4. HP: 24/24 MP: 6/9
  2425 | D:2      | Learned a level 3 spell: Stone Arrow
  2740 | D:3      | Reached XP level 5. HP: 28/28 MP: 6/11
  2848 | D:3      | Reached skill level 1 in Conjurations
  2940 | D:4      | Reached skill level 5 in Earth Magic
  2999 | D:4      | Found Laetsec's Gadget Emporium.
  3076 | D:4      | Found a glowing drain.
  3125 | Sewer    | Entered a sewer
  3352 | Sewer    | Reached XP level 6. HP: 29/32 MP: 9/12
  3774 | D:4      | Reached skill level 5 in Spellcasting
  3983 | D:4      | Found Zydyasay's Food Shoppe.
  4057 | D:4      | Found an iron altar of Okawaru.
  4311 | D:4      | Reached XP level 7. HP: 34/36 MP: 11/14
  4579 | D:4      | Learned a level 5 spell: Lee's Rapid Deconstruction
  4645 | D:5      | Entered Level 5 of the Dungeon
  4816 | D:5      | Noticed bart's ghost (amateur HOCK)
  5189 | D:5      | Found a staircase to the Ecumenical Temple.
  5193 | Temple   | Entered the Ecumenical Temple
  5235 | Temple   | Became a worshipper of Vehumet
  5306 | D:5      | Reached skill level 1 in Fighting
  5306 | D:5      | Reached skill level 1 in Maces & Flails
  5306 | D:5      | Reached skill level 1 in Armour
  5334 | D:5      | Reached skill level 6 in Earth Magic
  5455 | D:5      | Reached skill level 1 in Evocations
  5455 | D:5      | Reached XP level 8. HP: 38/43 MP: 9/16
  5538 | D:5      | Reached skill level 1 in Shields
  5627 | D:5      | Noticed Blork the orc
  5640 | D:5      | Killed Blork the orc
  6044 | D:5      | Noticed Duvessa
  6044 | D:5      | Noticed Dowan
  6061 | D:5      | Killed Dowan
  6074 | D:5      | Slain by Duvessa

Vault maps used:
D:1:      dpeg_arrival_refuge, serial_bayou_crossing
D:2:      cheibriados_altar_1
D:3:      first_bread
D:4:      serial_shops, nicolae_shop_statue_plus, kennysheep_mini_moat,
          gup_sewer_entry_glass, okawaru_metal_pillars_1_2
D:5:      temple_statues, serial_shops, nicolae_shop_stone, shop, uniq_duvessa,
          uniq_blork_the_orc
Temple:   kilobyte_greek_temple_18
Sewer:    sewer_frog_island_01

Action                   |  1- 3 |  4- 6 |  7- 9 || total
-------------------------+-------+-------+-------++-------
Melee: Spear             |    13 |       |       ||    13
       Dagger            |    21 |    91 |    37 ||   149
       Trident           |       |    38 |       ||    38
       Whip              |       |       |     4 ||     4
 Fire: Hunting sling     |       |       |    15 ||    15
Throw: Tomahawk          |    10 |    52 |    13 ||    75
 Cast: Sandblast         |    52 |    90 |    65 ||   207
       Stoneskin         |       |       |     9 ||     9
 Abil: Evoke Flight      |       |     3 |       ||     3
  Use: Scroll            |       |     4 |     2 ||     6
 Stab: Sleeping          |       |     1 |       ||     1
  Eat: Chunk             |     2 |     9 |     3 ||    14
       Fruit             |       |       |     2 ||     2
       Beef jerky        |       |       |     1 ||     1
